 Dungeon Crawl Stone Soup version 0.30-a0-465-g8901f6c8b5 (webtiles) character file.

Game seed: 17251544740225817798

111 tilp the Covered (level 5, -1/46 HPs)
             Began as a Meteoran Fighter on Dec 18, 2022.
             Slain by a scorpion (4 damage)
             ... on level 4 of the Dungeon.
             The game lasted 00:02:46 (532 turns).

tilp the Covered (Meteoran Fighter)                  Turns: 532, Time: 00:02:47

Health: -1/46      AC:  7    Str: 17    XL:     5   Next: 39%
Magic:  6/6        EV: 10    Int: 10    God:
Gold:   47         SH:  5    Dex: 15    Spells: 4/4 levels left

rFire   . . .      SeeInvis .    a - +0 long sword
rCold   . . .      Faith    .    c - +0 buckler
rNeg    . . .      Spirit   .    b - +0 scale mail
rPois   .          Reflect  .    (no helmet)
rElec   .          Harm     .    (no cloak)
rCorr   .          Rampage  .    (no gloves)
Will    .....                    (no boots)
Stlth   ..........               (no amulet)
HPRegen 0.27/turn                (no ring)
MPRegen 0.10/turn                (no ring)

@: lethally poisoned (-1 -> -8), glowing
A: sense surroundings 1, otherworldly, glowing, explore regen
a: no special abilities


You were on level 4 of the Dungeon.
You visited 1 branch of the dungeon, and saw 5 of its levels.

You collected 47 gold pieces.

Inventory:

Hand Weapons
 a - a +0 long sword (weapon)
Missiles
 g - 6 boomerangs (quivered)
Armour
 b - a +0 scale mail (worn)
 c - a +0 buckler (worn)
Jewellery
 i - a +4 ring of protection
 k - an amulet of faith
Scrolls
 e - a scroll of enchant weapon {unknown}
 j - a scroll of enchant armour {unknown}
Potions
 d - a potion of might
 f - a potion of magic {unknown}
 h - a potion of lignification {unknown}


   Skills:
 + Level 3.9 Fighting
 + Level 3.2 Long Blades
 - Level 4.0 Armour
 * Level 2.8 Dodging
 + Level 1.1 Stealth
 - Level 4.0 Shields


You had 4 spell levels left.
You didn't know any spells.
Your spell library was empty.

Dungeon Overview and Level Annotations

Branches:
Dungeon (5/15) Zot: 2434
 Temple: D:4-7

Altars:


Innate Abilities, Weirdness & Mutations

You passively map a small area around you.
You are easily found by Zot.
You glow in the dark.
You regain HP and MP as you explore.


Message History

You are poisoned.
The scorpion poisons you!
You are too injured to fight recklessly!
You are too injured to fight recklessly!
Unknown command.
You closely miss the scorpion.
The scorpion is almost dead.
You feel very sick. The scorpion stings you.
* * * LOW HITPOINT WARNING * * *
The scorpion closely misses you. What are your orders? t - Shout!
Orders for allies: a - Attack new target. r - Retreat! s - Stop attacking. g - Guard the area. f - Follow me.
Anything else - Cancel.
Okay, then.
You hit the scorpion but do no damage.
The scorpion is almost dead.
You feel sick.
The scorpion stings you but does no damage.
You closely miss the scorpion.
The scorpion is almost dead.
You feel sick. The scorpion stings you.
* * * LOW HITPOINT WARNING * * *
The scorpion barely misses you.
You closely miss the scorpion.
The scorpion is almost dead.
You feel sick. The scorpion stings you.
* * * LOW HITPOINT WARNING * * *
You are lethally poisoned!
The scorpion poisons you!
Unknown command.
You closely miss the scorpion.
The scorpion is almost dead.
* * * LOW HITPOINT WARNING * * *
You feel very sick. The scorpion stings you.
You die...

, ,, , ###### * , ......
., , , ,.. ...... ,.. ...
...... ..., , .... ......
8....,*##+###... ######
...⌠.##......#* * ##|..#
* ......s......# #..... ,
###@†....# , +..... , ,
###...>....# , #..... *
#..........#+#####+### ,
#######.................
*
......#.................
,......'................)
,
......#.................
..##+##.................
* #....#####+###+###


You could see a scorpion.

Vanquished Creatures
  A hound (D:2)
  2 iguanas
  An orc (D:4)
  2 endoplasms (D:3)
  4 hobgoblins
  3 kobolds
  2 ball pythons
  A bat (D:3)
  11 goblins (D:2)
  3 rats
30 creatures vanquished.

Notes
Turn   | Place    | Note
-------+----------+-------------------------------------------
     0 | D:1      | tilp the Meteoran Fighter began the quest for the Orb.
     0 | D:1      | Reached XP level 1. HP: 19/19 MP: 2/2
   123 | D:2      | Noticed a hound
   129 | D:2      | Killed a hound
   130 | D:2      | Reached skill level 1 in Dodging
   130 | D:2      | Reached XP level 2. HP: 2/26 MP: 3/3
   130 | D:2      | Reached XP level 3. HP: 2/31 MP: 4/4
   241 | D:2      | Reached XP level 4. HP: 18/40 MP: 5/5
   445 | D:4      | HP: 2/40 [iguana (6)]
   448 | D:4      | Reached skill level 1 in Stealth
   448 | D:4      | Reached XP level 5. HP: 2/46 MP: 6/6
   508 | D:5      | Entered Level 5 of the Dungeon
   532 | D:4      | Slain by a scorpion

Illustrated notes

Levels and vault maps discovered:
D:1:      mainiacjoe_arrival_reflecting_pool, layout_basic
D:2:      cheibrodos_greedy_goblins, layout_loops_corners,
          dilly_ecumenical_altar_fadedgnrine, minmay_pentomino_w2
D:3:      layout_rooms, serial_shops, shop, minmay_misc_feat_roman,
          uniq_crazy_yiuf_cottage
D:4:      minmay_skewed_foursquare, layout_gridville, mainiacjoe_overflow_paths,
          minmay_temple_entry_wispy
D:5:      layout_basic, nicolae_vehumet_altar_sigil,
          nicolae_tso_besieged_by_evil,
          mainiacjoe_overflow_concentric_impassable, tgw_kikubaaqudgha,
          amcnicky_mini_corridor_feature, uniq_duvessa, uniq_blork_the_orc

Skill      XL: |  1  2  3  4 |
---------------+-------------+-----
Dodging        | 1 2 |  2.8
Armour         | 4 |  4.0
Shields        | 4 |  4.0
Long Blades    | 3 |  3.2
Stealth        | 1 |  1.1
Fighting       | |  3.9

Action                   |  1- 3 |  4- 6 || total
-------------------------+-------+-------++-------
Melee: Long sword        |    27 |    85 ||   112
  Use: Potion            |       |     1 ||     1
Armor: Scale mail        |    11 |    37 ||    48
Dodge: Dodged            |    12 |    37 ||    49
Block: Buckler           |     8 |    24 ||    32

Table legend: (Time is in decaauts)
 A = Elapsed time spent in this place.
 B = Non-inter-level travel time spent in this place.
 C = Inter-level travel time spent in this place.
 D = Time resting spent in this place.
 E = Time spent auto-exploring this place.
 F = Levels seen in this place.
 G = Mean time per level.
                   A        B        C        D        E       F      G
               +--------+--------+--------+--------+--------+-----+--------+
         Total |    564 |    520 |     44 |      7 |      0 |   5 |  112.8 |
       Dungeon |    564 |    520 |     44 |      7 |      0 |   5 |  112.8 |
               +--------+--------+--------+--------+--------+-----+--------+

Top non-repeatable levels by time:
     D:2: 298 daAuts
     D:1: 122 daAuts
     D:4: 104 daAuts
     D:3: 38 daAuts
     D:5: 1 daAuts
